 Dungeon Crawl Stone Soup version 0.24-a0-525-g9231cdcba1 (webtiles) character file.

Game seed: 15687412719039250268

389 GordonOverkill the Poker (level 6, -3/47 HPs)
             Began as a Mummy Warper on Aug 1, 2019.
             Slain by an ogre
             ... wielding a +0 giant spiked club
              (10 damage)
             ... on level 4 of the Dungeon.
             The game lasted 00:08:22 (4841 turns).

GordonOverkill the Poker (Mummy Warper)             Turns: 4841, Time: 00:08:23

Health: -3/47      AC:  6    Str: 16    XL:     6   Next: 49%
Magic:  10/10      EV: 10    Int: 13    God:
Gold:   199        SH:  0    Dex: 13    Spells: 11/11 levels left

rFire    x . .     SeeInvis .   a - +0 spear
rCold    + . .     Gourm    .   (no shield)
rNeg     + + +     Faith    .   c - +0 scale mail
rPois    ∞         Spirit   .   (no helmet)
rElec    .         Reflect  .   (no cloak)
rCorr    .         Harm     .   (no gloves)
MR       .....                  (no boots)
Stlth    ..........             n - amulet of the acrobat
HPRegen  0.15/turn              l - +2 ring of dexterity
MPRegen  0.12/turn              (no ring)

@: no status effects
A: no food or potions, fire vulnerability, cold resistance 1, negative energy
resistance 3, torment resistance, unbreathing
a: no special abilities


You were on level 4 of the Dungeon.
You were not hungry.

You visited 2 branches of the dungeon, and saw 6 of its levels.

You collected 199 gold pieces.

Inventory:

Hand Weapons
 a - a +0 spear (weapon)
 g - a +0 hunting sling
 m - a +2 short sword of venom
Missiles
 e - 3 boomerangs (quivered)
 h - 83 stones
 i - 19 sling bullets
Armour
 c - a +0 scale mail (worn)
Jewellery
 l - a +2 ring of dexterity (left hand)
 n - an amulet of the acrobat (around neck)
Wands
 p - a wand of enslavement (6)
Scrolls
 b - a scroll of teleportation
 d - 3 scrolls of blinking
 f - 4 scrolls of magic mapping
 j - 2 scrolls of identify
 k - 4 scrolls of remove curse
 o - 2 scrolls of amnesia {unknown}


   Skills:
 - Level 3.0 Fighting
 + Level 3.9 Polearms
 + Level 3.3 Throwing
 - Level 1.0 Armour
 - Level 2.0 Dodging
 - Level 3.0 Spellcasting
   Level 2.4 Translocations


You had 11 spell levels left.
You didn't know any spells.
Your spell library contained the following spells:

 Spells                   Type           Power        Failure   Level  Hunger
 Blink                    Tloc           N/A          43%         2    N/A
 Shroud of Golubria       Chrm/Tloc      #.....       61%         2    N/A
 Gell's Gravitas          Tloc           #.........   67%         3    N/A
 Lesser Beckoning         Tloc           #.........   67%         3    N/A
 Teleport Other           Tloc           #.......     67%         3    N/A
 Passage of Golubria      Tloc           N/A          97%         4    N/A

Dungeon Overview and Level Annotations

Branches:
Dungeon (5/15)             Temple (1/1) D:4

Altars:
Ashenzari
Elyvilon
Fedhas
Hepliaklqana
Makhleb
Okawaru
Ru
Sif Muna
Uskayaw
Vehumet
Wu Jian
Xom
Yredelemnul
Zin
The Shining One

Shops:
D:4 [}


Innate Abilities, Weirdness & Mutations

You do not eat or drink.
Your flesh is vulnerable to fire.
You are immune to poison.
Your flesh is cold resistant. (rC+)
You are immune to negative energy. (rN+++)
You are immune to unholy pain and torment.
You can survive without breathing.


Message History

The ogre is severely wounded.
The ogre closely misses you.
Throwing (i - inventory. (/) - cycle)
e - 3 boomerangs (quivered)
Press: ? - help, Shift-Dir - straight line, f/p - ogre
Aim: an ogre, wielding a +0 giant spiked club (severely wounded)
You throw a boomerang.
The boomerang completely misses the ogre.
Throwing (i - inventory. (/) - cycle)
e - 3 boomerangs (quivered)
Press: ? - help, Shift-Dir - straight line, f/p - ogre
Aim: an ogre, wielding a +0 giant spiked club (severely wounded)
You throw a boomerang. The boomerang barely misses the ogre.
The ogre hits you with a +0 giant spiked club!
* * * LOW HITPOINT WARNING * * *
Evoke which item? (* to show all) (? for menu, Esc to quit)
Aiming: Enslavement
Press: ? - help, Shift-Dir - straight line, f/p - ogre
Aim: an ogre, wielding a +0 giant spiked club (severely wounded, chance to defeat MR: 46%)
The ogre resists with some effort.
The ogre hits you with a +0 giant spiked club!
You die...

......##.# ##.#
..........# #..#
†..........### #.##
.....#.....(.## ###.###
.....#........##
###.....##
.....#.........#
#........###
.....##........#
##....##.)....##
.....##........##...###
#.......#
.....###....>..O@.#
##....... .....#
##!.....#### #.......
.....####.....##
#.......
.....##.......#
##......
.........##..## #......
.......####### ##.#...
[....### #.###. ......#
#..### ......## ##.###


You could see an ogre.

Vanquished Creatures
  A scorpion (D:4)
  2 howler monkeys
  An orc wizard (D:3)
  A bullfrog skeleton (D:4)
  A worker ant (D:4)
  9 adders
  3 oozes
  2 dart slugs (D:1)
  3 worms
  5 leopard geckos
  3 orcs
  5 giant cockroaches
  10 goblins
  7 hobgoblins
  6 kobolds
  2 ball pythons
  4 bats
  10 frilled lizards
  A jackal skeleton (D:4)
  6 rats
82 creatures vanquished.

Notes
Turn   | Place    | Note
-------+----------+-------------------------------------------
     0 | D:1      | GordonOverkill the Mummy Warper began the quest for the
                  | Orb.
     0 | D:1      | Reached XP level 1. HP: 16/16 MP: 4/4
   213 | D:1      | Reached skill level 1 in Throwing
   273 | D:1      | Reached skill level 1 in Armour
   273 | D:1      | Reached XP level 2. HP: 11/22 MP: 5/5
   930 | D:1      | Reached XP level 3. HP: 28/28 MP: 7/7
  1900 | D:2      | Reached XP level 4. HP: 33/35 MP: 8/8
  2240 | D:2      | Found a faded altar of an unknown god.
  2869 | D:3      | Reached XP level 5. HP: 12/41 MP: 9/9
  4108 | D:4      | Reached XP level 6. HP: 45/47 MP: 10/10
  4123 | D:4      | You fall into a shaft and drop 1 floor!
  4123 | D:5      | Entered Level 5 of the Dungeon
  4216 | D:4      | Found Mauk's Armour Boutique.
  4297 | D:4      | Found Ellu's Gadget Emporium.
  4329 | D:4      | Found a staircase to the Ecumenical Temple.
  4349 | Temple   | Entered the Ecumenical Temple
  4841 | D:4      | Slain by an ogre

Levels and vault maps discovered:
D:1:      eino_arrival_cavern_c, layout_loops_ring
D:2:      layout_basic, chequers_ecumenical_altar_simple, serial_curves,
          eino_curves_04, eino_curves_02, grunt_ministairs_4
D:3:      layout_basic
D:4:      layout_cave_pods, minmay_temple_entry_purple_smoke, serial_shops,
          nicolae_shop_waterfront, nicolae_shop_statue_plus, uniq_menkaure
D:5:      layout_basic, grunt_temple_overflow_opulence, serial_shops,
          kennysheep_little_box, first_ration, ebering_ghost_reflecting_pool,
          uniq_eustachio, uniq_ijyb, uniq_crazy_yiuf_cottage
Temple:   regret_index_temple_generic_petals

Skill      XL: |  1  2  3  4  5 |
---------------+----------------+-----
Throwing       | 1 2 3 |  3.3
Armour         | 1 |  1.0
Spellcasting   | 3 |  3.0
Polearms       | 2 3 |  3.9
Dodging        | 2 |  2.0
Fighting       | 3 |  3.0
Translocations | |  2.4

Action                   |  1- 3 |  4- 6 || total
-------------------------+-------+-------++-------
Melee: Spear             |   152 |   241 ||   393
Throw: Boomerang         |    45 |    66 ||   111
       Stone             |     2 |       ||     2
Evoke: Wand              |       |     2 ||     2
  Use: Scroll            |       |     3 ||     3
Armor: Scale mail        |    39 |    81 ||   120
       Leather armour    |     1 |       ||     1
Dodge: Dodged            |    59 |   102 ||   161

Table legend:
 A = Non-vault XP
 B = Vault XP
 C = Vault XP percentage of total XP
 D = Non-vault monster count
 E = Vault monster count
 F = Vault count percentage of total count
                 A         B        C        D         E       F
            +---------+---------+-------+---------+---------+-------
      Total |     538 |      18 |   3.2 |      80 |       2 |   2.4
            +---------+---------+-------+---------+---------+-------
        D:1 |      43 |       0 |   0.0 |      21 |       0 |   0.0
        D:2 |      53 |      18 |  25.4 |      18 |       2 |  10.0
        D:3 |     194 |       0 |   0.0 |      27 |       0 |   0.0
        D:4 |     248 |       0 |   0.0 |      14 |       0 |   0.0
            +---------+---------+-------+---------+---------+-------
